 Dungeon Crawl Stone Soup version 0.28.0-53-g5a82cb258f (webtiles) character file.

Game seed: 16836720059772067103

10576 MisterFreud the Covert (level 11, -19/89 HPs)
             Began as a Gnoll Delver on June 29, 2022.
             Was an Elder of Wu Jian.
             Demolished by a red ugly thing (22 damage)
             ... on level 11 of the Dungeon.
             The game lasted 00:16:09 (12035 turns).

MisterFreud the Covert (Gnoll Delver)              Turns: 12035, Time: 00:16:09

Health: -19/89     AC:  6    Str: 11    XL:     11   Next: 64%
Magic:  20/20      EV: 15    Int: 20    God:    Wu Jian [****..]
Gold:   546        SH:  5    Dex: 14    Spells: 20/23 levels left

rFire   . . .      SeeInvis .   y - +9 short sword of Truth {speed, rPois rC+++ Dex-2}
rCold   + + +      Faith    .   (no shield)
rNeg    . . .      Spirit   .   l - +3 robe of Charity {Rampage rElec Dex+2 Stlth-}
rPois   +          Reflect  +   (no helmet)
rElec   +          Harm     .   (no cloak)
rCorr   .          Rampage  +   (no gloves)
Will    .....                   m - +0 pair of boots
Stlth   ++++......              F - amulet of reflection
HPRegen 0.24/turn               z - +4 ring of slaying
MPRegen 0.17/turn               C - +6 ring of intelligence

@: no status effects
A: fangs 1, strong nose, distributed training
a: Renounce Religion, Wall Jump, Serpent's Lash


You were on level 11 of the Dungeon.
You worshipped Wu Jian.
Wu Jian was greatly pleased with you.
You visited 1 branch of the dungeon, and saw 11 of its levels.

You collected 689 gold pieces.
You spent 143 gold pieces at shops.

Inventory:

Hand Weapons
 a - a +0 short sword
 h - a +1 short sword of protection
 y - the +9 short sword of Truth (weapon) {speed, rPois rC+++ Dex-2}
   (You found it on level 3 of the Dungeon)

   Attacks with this weapon are significantly faster.
   Dex:       It affects your dexterity (-2).
   rC:        It renders you almost immune to cold.
   rPois:     It protects you from poison.
 A - the +5 trident "Ytsem" {speed, Will+ SInv}
   (You took it off an orc on level 4 of the Dungeon)

   Attacks with this weapon are significantly faster.
   SInv:      It lets you see invisible.
   Will:      It increases your willpower.
 E - the +7 hand axe "Umirr" {holy, Dex+5}
   (You took it off an orc on level 7 of the Dungeon)

   It has been blessed by the Shining One to cause great damage to the undead
   and demons.
   Dex:       It affects your dexterity (+5).
 I - a +1 broad axe of flaming
Missiles
 n - 32 poisoned darts (quivered)
 B - 5 boomerangs
Armour
 l - the +3 robe of Charity (worn) {Rampage rElec Dex+2 Stlth-}
   (You found it on level 8 of the Dungeon)

   Dex:       It affects your dexterity (+2).
   rElec:     It insulates you from electricity.
   Rampage:   It bestows one free step when moving towards enemies.
   Stlth:     It makes you less stealthy.
 m - a +0 pair of boots (worn)
 J - +0 steam dragon scales
Jewellery
 p - a ring of positive energy
 z - a +4 ring of slaying (left hand)
 C - a +6 ring of intelligence (right hand)
 F - an amulet of reflection (around neck)
 G - a ring of fire
 L - a +6 ring of strength
Wands
 b - a wand of acid (16)
 g - a wand of digging (2)
 j - a wand of charming (5)
 H - a wand of paralysis (6)
 K - a wand of polymorph (10)
Scrolls
 c - 3 scrolls of fog
 d - a scroll of magic mapping
 e - a scroll of fear
 i - 7 scrolls of identify
 o - 2 scrolls of torment
 t - 2 scrolls of amnesia
 u - 3 scrolls of immolation
 v - 2 scrolls of vulnerability
 D - a scroll of enchant weapon
Potions
 f - a potion of haste
 k - 3 potions of flight
 q - a potion of berserk rage
 r - 2 potions of attraction
 s - a potion of brilliance
 w - a potion of lignification
 x - 3 potions of mutation
 M - a potion of invisibility


   Skills:
 + Level 9.3 Fighting
 + Level 8.0 Short Blades
 + Level 6.5 Long Blades
 + Level 6.5 Axes
 + Level 6.5 Maces & Flails
 + Level 6.5 Polearms
 + Level 6.5 Staves
 + Level 6.5 Slings
 + Level 6.5 Bows
 + Level 6.5 Crossbows
 + Level 6.5 Throwing
 + Level 6.5 Armour
 + Level 8.0 Dodging
 + Level 11.5 Stealth
 + Level 6.5 Shields
 + Level 6.5 Unarmed Combat
 + Level 6.5 Spellcasting
 + Level 5.3 Conjurations
 + Level 5.3 Hexes
 + Level 5.3 Summonings
 + Level 5.3 Necromancy
 + Level 5.3 Translocations
 + Level 5.3 Transmutations
 + Level 5.3 Fire Magic
 + Level 5.3 Ice Magic
 + Level 5.3 Air Magic
 + Level 5.3 Earth Magic
 + Level 5.3 Poison Magic
 + Level 7.1 Invocations
 + Level 6.5 Evocations


You had 20 spell levels left.
You knew the following spells:

 Your Spells              Type           Power      Damage    Failure   Level
a - Mephitic Cloud        Conj/Pois/Air  28%        N/A       3%          3

Your spell library contained the following spells:

 Spells                   Type           Power      Damage    Failure   Level
 Beastly Appendage        Tmut           56%        N/A       1%          1
 Shock                    Conj/Air       100%       1d9       1%          1
 Summon Small Mammal      Summ           100%       N/A       1%          1
 Wereblood                Tmut           28%        N/A       1%          2
 Call Canine Familiar     Summ           28%        N/A       3%          3
 Spider Form              Tmut/Pois      28%        N/A       3%          3
 Summon Guardian Golem    Hex/Summ       28%        N/A       3%          3
 Swiftness                Air            28%        N/A       3%          3
 Airstrike                Air            14%        N/A       11%         4
 Flame Wave               Conj/Fire      28%        2d8       11%         4
 Iskenderun's Mystic Bla  Conj/Tloc      28%        2d7       11%         4
 Fireball                 Conj/Fire      14%        3d8       30%         5
 Conjure Ball Lightning   Conj/Air       14%        3x3d6     86%         6
 Orb of Destruction       Conj           14%        9d7       100%        7


Dungeon Overview and Level Annotations

Branches:
Dungeon (11/15)            Temple (0/1) D:7            Lair (0/6) D:9
    Orc (0/2) D:11

Altars:
Elyvilon
Fedhas
Kikubaaqudgha
Makhleb
Nemelex Xobeh
Okawaru
Qazlal
Sif Muna
Vehumet
Wu Jian
Xom

Shops:
D:1 [[::   D:3 *

Annotations:
D:7 1 transporter, exclusion: ice statue, PentaManta's ghost, novice TrAK


Innate Abilities, Weirdness & Mutations

You have very sharp teeth.
Your uncanny sense of smell can sniff out nearby items.
Your experience applies equally to all skills.


Message History

A gnoll comes into view. It is wielding a +0 spear.
A gnoll comes into view. It is wielding a +0 flail.
You rampage towards the red ugly thing!
A gnoll sergeant and a gnoll come into view.
The gnoll sergeant is wielding a +1 spear of flaming.
You rampage towards the red ugly thing!
You hit the red ugly thing. Your bite misses the red ugly thing.
The red ugly thing is lightly wounded.
The red ugly thing punches you!
You are engulfed in flames!
The red ugly thing closely misses you.
Things that are here:
a +0 shortbow; 11 arrows The red ugly thing closely misses you.
You hit the red ugly thing.
The red ugly thing is lightly wounded.
You hit the red ugly thing.
The red ugly thing is lightly wounded.
The red ugly thing closely misses you.
You puncture the red ugly thing!
The red ugly thing is moderately wounded.
Unknown command.
You puncture the red ugly thing!
The red ugly thing is moderately wounded.
The red ugly thing punches you!
You are engulfed in flames!!
You hit the red ugly thing but do no damage.
The red ugly thing is moderately wounded.
Unknown command.
You hit the red ugly thing but do no damage.
The red ugly thing is moderately wounded.
The red ugly thing punches you.
You are engulfed in flames!!
* * * LOW HITPOINT WARNING * * *
Unknown command.
You puncture the red ugly thing!
The red ugly thing is heavily wounded.
You hit the red ugly thing. You bite the red ugly thing.
The red ugly thing is heavily wounded.
The red ugly thing punches you!
* * * LOW HITPOINT WARNING * * *
You are engulfed in flames!!
You die...

#..........##.......#........
#.>........#........#........
#..........##.......#........
#...........#.......#........
#.........).#.......#........
#######.....#.......'..<.....
#.....+..#+####........
#.....####.........####
#......u@...(......#
####################


You could see a red ugly thing.

Vanquished Creatures
  A boulder beetle (D:7)
  2 two-headed ogres
  Pikel (D:8)
  A manticore (D:11)
  A komodo dragon (D:9)
  Maggie (D:8)
  An unseen horror (D:7)
  A troll (D:10)
  2 hornets (D:9)
  A wyvern (D:5)
  4 shadows
  A vampire (D:5)
  15 yaks
  Grum (D:8)
  An acid dragon (D:9)
  A water moccasin (D:6)
  2 orc warriors
  2 ice beasts
  2 necrophages
  A sky beast (D:7)
  An ogre (D:6)
  4 centaurs
  2 wolves (D:8)
  A blink frog zombie (D:9)
  Blork the orc (D:5)
  3 kobold brigands
  A bullfrog (D:8)
  3 scorpions
  4 killer bees (D:9)
  An electric eel (D:9)
  3 howler monkeys (D:7)
  2 centaur zombies
  3 jellies
  7 orc priests
  7 hounds
  An iguana (D:6)
  8 orc wizards
  A hound skeleton (D:4)
  5 adders
  5 gnolls
  A shadow imp (D:7)
  A white imp (D:5)
  An ufetubus (D:7)
  A worm (D:3)
  5 dart slugs
  33 orcs
  6 ball pythons
  2 bats (D:1)
  6 endoplasms
  6 giant cockroaches
  7 goblins
  5 hobgoblins
  7 jackals
  24 kobolds
  9 rats
219 creatures vanquished.

Vanquished Creatures (collateral kills)
  An orc (D:4)
1 creature vanquished.

Vanquished Creatures (others)
  5 dream sheep (D:5)
  An orc wizard (D:4)
  21 plants
27 creatures vanquished.

Grand Total: 247 creatures vanquished

Notes
Turn   | Place    | Note
-------+----------+-------------------------------------------
     0 | D:5      | Reached skill level 9 in Stealth
     0 | D:5      | MisterFreud the Gnoll Delver began the quest for the Orb.
     0 | D:5      | Reached XP level 1. HP: 23/23 MP: 1/1
    50 | D:6      | Noticed a yak
    51 | D:6      | Noticed a yak
    81 | D:5      | Noticed Blork the orc
    88 | D:5      | Killed Blork the orc
    89 | D:5      | Reached skill level 1 in Long Blades
    89 | D:5      | Reached skill level 1 in Axes
    89 | D:5      | Reached skill level 1 in Maces & Flails
    89 | D:5      | Reached skill level 1 in Polearms
    89 | D:5      | Reached skill level 1 in Staves
    89 | D:5      | Reached skill level 1 in Slings
    89 | D:5      | Reached skill level 1 in Bows
    89 | D:5      | Reached skill level 1 in Crossbows
    89 | D:5      | Reached skill level 1 in Throwing
    89 | D:5      | Reached skill level 1 in Armour
    89 | D:5      | Reached skill level 1 in Shields
    89 | D:5      | Reached skill level 1 in Unarmed Combat
    89 | D:5      | Reached skill level 1 in Spellcasting
    89 | D:5      | Reached skill level 1 in Invocations
    89 | D:5      | Reached skill level 1 in Evocations
    89 | D:5      | Reached XP level 2. HP: 29/29 MP: 1/3
    89 | D:5      | Reached XP level 3. HP: 35/35 MP: 1/4
    89 | D:5      | Reached XP level 4. HP: 41/41 MP: 1/5
   103 | D:5      | Reached skill level 1 in Conjurations
   103 | D:5      | Reached skill level 1 in Hexes
   103 | D:5      | Reached skill level 1 in Summonings
   103 | D:5      | Reached skill level 1 in Necromancy
   103 | D:5      | Reached skill level 1 in Translocations
   103 | D:5      | Reached skill level 1 in Transmutations
   103 | D:5      | Reached skill level 1 in Fire Magic
   103 | D:5      | Reached skill level 1 in Ice Magic
   103 | D:5      | Reached skill level 1 in Air Magic
   103 | D:5      | Reached skill level 1 in Earth Magic
   103 | D:5      | Reached skill level 1 in Poison Magic
   201 | D:4      | Noticed a scorpion
   226 | D:5      | Reached XP level 5. HP: 24/47 MP: 5/7
   920 | D:4      | Noticed a necrophage
   939 | D:4      | Killed a necrophage
   940 | D:4      | Reached XP level 6. HP: 53/53 MP: 8/8
  1073 | D:4      | Reached skill level 5 in Short Blades
  1073 | D:4      | Reached skill level 5 in Dodging
  1567 | D:4      | Found a blossoming altar of Fedhas.
  2224 | D:1      | Found a faded altar of an unknown god.
  2234 | D:1      | Prayed at the altar of an unknown god.
  2234 | D:1      | Became a worshipper of the Wu Jian Council
  2234 | D:1      | Reached * piety under Wu Jian
  2365 | D:1      | Found Cubaosau's Book Shop.
  2412 | D:1      | Found Iqasiew's Antique Armour Shoppe.
  2509 | D:1      | Found Jeikke's Book Shop.
  2617 | D:1      | Found Jeowne's Armour Emporium.
  2721 | D:1      | Reached XP level 7. HP: 59/59 MP: 10/10
  2778 | D:1      | Noticed a servant of whispers
  2779 | D:1      | Noticed a basilisk
  3414 | D:3      | Found an ancient bone altar of Kikubaaqudgha.
  3492 | D:3      | Reached ** piety under Wu Jian
  3810 | D:3      | Found a shimmering blue altar of Sif Muna.
  3982 | D:3      | Found Qicvaocw's General Store.
  3985 | D:3      | Identified the +9 short sword of Truth {speed, rPois rC+++
                  | Dex-2}
  3987 | D:3      | Bought a potion of heal wounds for 55 gold pieces
  3987 | D:3      | Bought a potion of mutation for 88 gold pieces
  4422 | D:4      | Identified the +5 trident "Ytsem" {speed, Will+ SInv}
  4693 | D:5      | Noticed a wyvern
  4698 | D:5      | Killed a wyvern
  4699 | D:5      | Reached skill level 10 in Stealth
  4943 | D:5      | Reached XP level 8. HP: 67/67 MP: 12/12
  4962 | D:5      | Noticed a dream sheep
  4962 | D:5      | Noticed a dream sheep
  4962 | D:5      | Noticed a dream sheep
  4962 | D:5      | Noticed a dream sheep
  4962 | D:5      | Noticed a dream sheep
  4962 | D:5      | Found a shimmering altar of Xom.
  4963 | D:5      | Killed a dream sheep
  4963 | D:5      | Killed a dream sheep
  4963 | D:5      | Killed a dream sheep
  4963 | D:5      | Killed a dream sheep
  4966 | D:5      | Killed a dream sheep
  5160 | D:5      | Found a burning altar of Makhleb.
  5181 | D:5      | Noticed a vampire
  5192 | D:5      | Killed a vampire
  5249 | D:5      | Identified a scroll of acquirement
  5253 | D:5      | Acquired MisterFreud's Reference Book on Attacks
  5259 | D:5      | Learned a level 3 spell: Mephitic Cloud
  5677 | D:6      | Noticed a yak
  5696 | D:6      | Killed a yak
  5701 | D:6      | Killed a yak
  5702 | D:6      | Reached XP level 9. HP: 46/73 MP: 14/14
  5999 | D:6      | Found a stormy altar of Qazlal.
  6117 | D:7      | Noticed a boulder beetle
  6139 | D:7      | Reached *** piety under Wu Jian
  6399 | D:7      | Killed a boulder beetle
  6400 | D:7      | Reached skill level 5 in Invocations
  6718 | D:7      | Found a transporter.
  6782 | D:7      | Reached XP level 10. HP: 50/80 MP: 17/17
  6783 | D:7      | Found a white marble altar of Elyvilon.
  6942 | D:7      | Identified the +7 hand axe "Umirr" {holy, Dex+5}
  7230 | D:7      | Found a staircase to the Ecumenical Temple.
  7320 | D:7      | Found a transporter.
  7325 | D:7      | Noticed an ice statue
  7337 | D:7      | Noticed PentaManta's ghost (novice TrAK)
  7458 | D:7      | Killed an unseen horror
  7459 | D:7      | Reached skill level 5 in Long Blades
  7459 | D:7      | Reached skill level 5 in Axes
  7459 | D:7      | Reached skill level 5 in Maces & Flails
  7459 | D:7      | Reached skill level 5 in Polearms
  7459 | D:7      | Reached skill level 5 in Staves
  7459 | D:7      | Reached skill level 5 in Slings
  7459 | D:7      | Reached skill level 5 in Bows
  7459 | D:7      | Reached skill level 5 in Crossbows
  7459 | D:7      | Reached skill level 5 in Throwing
  7459 | D:7      | Reached skill level 5 in Armour
  7459 | D:7      | Reached skill level 5 in Shields
  7459 | D:7      | Reached skill level 5 in Unarmed Combat
  7459 | D:7      | Reached skill level 5 in Spellcasting
  7459 | D:7      | Reached skill level 5 in Evocations
  7773 | D:8      | Identified the +3 robe of Charity {Rampage rElec Dex+2
                  | Stlth-}
  7977 | D:8      | Reached skill level 11 in Stealth
  8175 | D:8      | Noticed Grum
  8195 | D:8      | Killed Grum
  8200 | D:8      | Reached **** piety under Wu Jian
  8466 | D:8      | Noticed Maggie
  8470 | D:8      | Killed Maggie
  8544 | D:8      | Noticed Pikel
  8558 | D:8      | Killed Pikel
  9238 | D:9      | Noticed a two-headed ogre
  9244 | D:9      | Killed a two-headed ogre
  9245 | D:9      | Reached XP level 11. HP: 87/87 MP: 19/19
  9312 | D:9      | HP: 4/87 [something (14)]
  9317 | D:9      | HP: 4/87 [something (32)]
  9791 | D:9      | Reached skill level 5 in Conjurations
  9791 | D:9      | Reached skill level 5 in Hexes
  9791 | D:9      | Reached skill level 5 in Summonings
  9791 | D:9      | Reached skill level 5 in Necromancy
  9791 | D:9      | Reached skill level 5 in Translocations
  9791 | D:9      | Reached skill level 5 in Transmutations
  9791 | D:9      | Reached skill level 5 in Fire Magic
  9791 | D:9      | Reached skill level 5 in Ice Magic
  9791 | D:9      | Reached skill level 5 in Air Magic
  9791 | D:9      | Reached skill level 5 in Earth Magic
  9791 | D:9      | Reached skill level 5 in Poison Magic
  9863 | D:9      | Found a staircase to the Lair.
 10058 | D:9      | Found a radiant altar of Vehumet.
 10393 | D:9      | Identified the +0 ring mail of Ylual {rN+ MP+9}
 10663 | D:9      | Found an iron altar of Okawaru.
 10671 | D:9      | Found a sparkling altar of Nemelex Xobeh.
 10904 | D:10     | Entered Level 10 of the Dungeon
 11413 | D:10     | Noticed a two-headed ogre
 11421 | D:10     | Killed a two-headed ogre
 11772 | D:11     | Found a staircase to the Orcish Mines.
 11785 | D:11     | Noticed a manticore
 11801 | D:11     | Killed a manticore
 12006 | D:11     | Noticed a red ugly thing
 12035 | D:11     | HP: 3/89 [red ugly thing (14)]
 12035 | D:11     | Demolished by a red ugly thing

Illustrated notes

Levels and vault maps discovered:
D:1:      onia_arrival_zoo_common, layout_loops_ring, serial_shops, shop,
          nicolae_lakefront_shop, nicolae_shop_temple_entry_statues_fountains,
          nicolae_shop_statue_plus, hellmonk_ecumenical_altar_leap_of_faith,
          nicolae_figureground_pulse
D:2:      layout_basic, serial_park_tiny_pond
D:3:      layout_loops_ring, mainiacjoe_overflow_brackets,
          kennysheep_orc_sif_temple, serial_shops, shop_statue
D:4:      layout_cave_pods, fedhas_ov_isle_minmay, serial_rivers,
          chequers_serial_rivers_small_b, chequers_serial_rivers_small_a,
          chequers_serial_rivers_small_b, chequers_serial_rivers_small_b,
          chequers_serial_rivers_marsh, minmay_vboxes
D:5:      layout_rooms, kennysheep_little_box, kb_xom_exploding_sheep,
          uniq_blork_the_orc
D:6:      layout_basic, mainiacjoe_overflow_alcove_2
D:7:      layout_rooms, marbit_many_paths, minmay_temple_entry_grid,
          nzn_ghost_randoct
D:8:      layout_layer_cave, hangedman_decor_points, kennysheep_cluttered_room,
          uniq_maggie, uniq_grum, uniq_pikel
D:9:      layout_gridville, nicolae_vehumet_altar_sigil,
          nicolae_overflow_squiral, david_lair_shrubbed, serial_park_tiny_pond
D:10:     layout_roguey
D:11:     layout_irregular_city, minmay_orc_entry_guard_dogs,
          ploomutoo_gammafunk_ghost_potion_laboratory, amcnicky_mini_pool_small,
          minmay_checkerbox

Skill      XL: |  1  2  3  4  5  6  7  8  9 10 11 |
---------------+----------------------------------+-----
Stealth        | 10 11 | 11.5
Long Blades    | 1 2 3 4 5 6 |  6.5
Axes           | 1 2 3 4 5 6 |  6.5
Maces & Flails | 1 2 3 4 5 6 |  6.5
Polearms       | 1 2 3 4 5 6 |  6.5
Staves         | 1 2 3 4 5 6 |  6.5
Slings         | 1 2 3 4 5 6 |  6.5
Bows           | 1 2 3 4 5 6 |  6.5
Crossbows      | 1 2 3 4 5 6 |  6.5
Throwing       | 1 2 3 4 5 6 |  6.5
Armour         | 1 2 3 4 5 6 |  6.5
Shields        | 1 2 3 4 5 6 |  6.5
Unarmed Combat | 1 2 3 4 5 6 |  6.5
Spellcasting   | 1 2 3 4 5 6 |  6.5
Invocations    | 1 2 3 4 5 6 7 |  7.1
Evocations     | 1 2 3 4 5 6 |  6.5
Conjurations   | 1 2 3 4 5 |  5.3
Hexes          | 1 2 3 4 5 |  5.3
Summonings     | 1 2 3 4 5 |  5.3
Necromancy     | 1 2 3 4 5 |  5.3
Translocations | 1 2 3 4 5 |  5.3
Transmutations | 1 2 3 4 5 |  5.3
Fire Magic     | 1 2 3 4 5 |  5.3
Ice Magic      | 1 2 3 4 5 |  5.3
Air Magic      | 1 2 3 4 5 |  5.3
Earth Magic    | 1 2 3 4 5 |  5.3
Poison Magic   | 1 2 3 4 5 |  5.3
Short Blades   | 5 6 7 8 |  8.0
Dodging        | 5 6 7 8 |  8.0
Fighting       | 7 8 9 |  9.3

Action                   |  1- 3 |  4- 6 |  7- 9 | 10-12 || total
-------------------------+-------+-------+-------+-------++-------
Melee: Short sword       |     1 |   195 |   282 |   336 ||   814
       Bite              |       |    18 |    33 |    40 ||    91
       Punch             |       |     4 |    12 |    10 ||    26
Throw: Boomerang         |       |       |     2 |       ||     2
       Dart              |       |       |     3 |       ||     3
Invok: Lunge             |       |    11 |    18 |     5 ||    34
       Whirlwind         |       |       |     9 |    20 ||    29
Evoke: Wand              |       |     2 |       |       ||     2
  Use: Scroll            |       |     1 |    11 |     4 ||    16
       Potion            |       |     1 |     3 |     4 ||     8
 Stab: Sleeping          |     1 |    27 |    19 |    14 ||    61
       Distracted        |       |     2 |       |       ||     2
Armor: Leather armour    |       |    49 |    34 |     5 ||    88
       Robe              |       |       |       |    16 ||    16
Dodge: Dodged            |       |    99 |   104 |    93 ||   296
Block: Other             |       |       |       |    27 ||    27
       Reflection        |       |       |       |     6 ||     6
